Cogmind - Beta 14 @@@ ROGUE MODE // 2024.08.26 @ 19:14:37 Player: Daffa0360 Result: Core destroyed Performance ------------- Evolutions (0) 0 Regions Visited (3) 600 Robots Destroyed (16) 80 Value Destroyed (455) 455 Prototype IDs (13) 260 Alien Tech Used (0) 0 Bonus (0) 0 TOTAL SCORE: 1395 Bonus ------- None Cogmind --------- Core Integrity 0/250 Matter 260/300 Energy 94/125 System Corruption 1% Temperature Critical (567) Movement Rolling (90) Location -10/Subcaves Parts ------- > --- POWER (1) -------- Light Ion Engine > --- PROPULSION (2) --- Wheel Compact Wheel > --- UTILITY (2) ------ Small Storage Unit Makeshift Light Armor Plating > --- WEAPON (2) ------- Subdweller Laser Battle Cannon > --- INVENTORY (8) ---- Meta Core Subdweller Monowheel Medium Matter Pod (100) Makeshift Hacking Suite Subdweller Laser Mining Laser Scrap Shield Fragment (42) Peak State ------------ > --- POWER ------------ Light Ion Engine > --- PROPULSION ------- Wheel Subdweller Monowheel > --- UTILITY ---------- Decoy Drone Bay > --- WEAPON ----------- Subdweller Laser Subdweller Laser > --- INVENTORY -------- Compact Wheel Subdweller Monowheel Small Storage Unit Medium Matter Pod Mining Laser [Rating: 22] Favorites ----------- Power Ion Engine Engine Ion Engine Propulsion Wheel Leg Aluminum Leg Wheel Wheel Utility Small Storage Unit Device Experimental Sensor Array Storage Small Storage Unit Protection Makeshift Light Armor Plating Weapon Medium Laser Energy Gun Medium Laser Ballistic Cannon Battle Cannon Launcher Grenade Launcher Special Weapon Mining Laser Build | -11 -10 -10 -10 ------- Run | Yrd Mat Min Sub Slots Evolved . | . . . . Power . | . . . . Propulsion . | . . . . Utility . | . . . . Weapon . | . . . . Parts Attached 24 | 1 1 4 18 Power 1 | . . . 1 Engine 1 | . . . 1 Core . | . . . . Reactor . | . . . . Propulsion 4 | . 1 . 3 Treads . | . . . . Leg . | . . . . Wheel 4 | . 1 . 3 Hover . | . . . . Flight . | . . . . Utility 7 | . . 3 4 Device 4 | . . 2 2 Storage 2 | . . 1 1 Processor . | . . . . Hackware . | . . . . Protection 1 | . . . 1 Artifact . | . . . . Weapon 12 | 1 . 1 10 Energy Gun 7 | 1 . . 6 Energy Cannon . | . . . . Ballistic Gun . | . . . . Ballistic Cannon 1 | . . . 1 Launcher 1 | . . . 1 Special Weapon 3 | . . 1 2 Impact Weapon . | . . . . Slashing Weapon . | . . . . Piercing Weapon . | . . . . Special Melee Weapon . | . . . . Unidentified Prototypes 2 | . . 2 . Parts Lost 6 | . . . 6 Power 1 | . . . 1 Propulsion 1 | . . . 1 Utility 1 | . . . 1 Weapon 3 | . . . 3 Highest Loss Streak 4 | . . . 4 To Critical Strikes . | . . . . Average Slot Usage (%) 88 | . 85 94 87 Engine 12 | . 14 14 11 Leg 7 | . 25 14 1 Wheel 20 | . 2 14 26 Device 3 | . . 8 2 Storage 13 | . 14 14 12 Protection 5 | . . . 8 Energy Gun 19 | . 28 27 15 Ballistic Cannon 1 | . . . 2 Special Weapon 3 | . . . 4 Peak Build Rating 22 | 6 6 19 22 Average Rating 11 | 6 6 13 12 On Entrance 8 | 6 6 6 17 Naked Turns . | . . . . Heaviest Build 21 | 14 14 15 21 Greatest Support 30 | 20 20 10 30 Greatest Overweight (x) 1 | . 1 1 1 Average Overweight (x) . | . . 1 . Largest Inventory Capacity 8 | 8 8 8 8 Average Capacity 7 | 8 8 7 7 Most Carried 8 | 6 8 8 8 Average Carried 6 | 6 6 7 6 Final Capacity 8 | 8 8 8 8 Final Carried 8 | 6 7 8 7 Class Distribution -------------------- 100% | Mutant Dominant Class ---------------- Mutant | -10/Materials Mutant | -10/Mines Mutant | -10/Subcaves Resources | -11 -10 -10 -10 ----------- Run | Yrd Mat Min Sub Matter Collected 576 | 210 . 42 324 Remotely . | . . . . Salvage Created 626 | 122 235 . 269 Parts 39 | 3 12 . 24 Haulers Intercepted 1 | . 1 . . Recyclers Shooed . | . . . . Parts Field Recycled . | . . . . Retrieved Matter . | . . . . Parts Self-Destructed 8 | . . . 8 Prevented . | . . . . Kills | -11 -10 -10 -10 ------- Run | Yrd Mat Min Sub Combat Hostiles Destroyed 13 | . 6 . 7 Guns 12 | . 6 . 6 AOE 1 | . . . 1 Classes Destroyed 7 | 2 3 . 2 Tunneler 1 | 1 . . . Hauler 1 | . 1 . . Recycler 1 | 1 . . . Swarmer 3 | . 3 . . Grunt 3 | . 3 . . Sentry 1 | . . . 1 Subdweller 6 | . . . 6 Best Kill Streak 3 | 2 3 . 3 Combat Bots Only 3 | . 3 . 3 Max Kills in Single Turn 1 | 1 1 . 1 Gunslinging . | . . . . Exploded 1 | . . . 1 Melee . | . . . . Uniques/NPCs Destroyed . | . . . . Combat | -11 -10 -10 -10 -------- Run | Yrd Mat Min Sub Hostile Shots Fired 75 | . 32 . 43 Missed 33 | . 13 . 20 Damage Taken 814 | . 232 . 582 Core 250 | . 34 . 216 Absorbed by Shields . | . . . . Core Remaining (%) 100 | 100 . . . Volleys Fired 73 | 4 16 2 51 Largest 2 | 2 2 1 2 Hottest 120 | 100 100 100 120 Shots Fired 104 | 8 32 3 61 Gun 71 | 8 32 1 30 Cannon 10 | . . . 10 Launcher 2 | . . . 2 Special 21 | . . 2 19 Kinetic 10 | . . . 10 Thermal 92 | 8 32 3 49 Explosive 2 | . . . 2 Electromagnetic . | . . . . Robot Hit Streak 22 | 6 10 . 22 Robot Miss Streak 5 | 1 5 1 1 Penetration Max . | . . . . Secondary Targets 1 | . 1 . . Max Gunslinging Chain 1 | . 1 . . Shots Hit Robots 60 | 7 19 . 34 Core Hits 27 | 2 11 . 14 Critical Kills . | . . . . Critical Parts Destroyed . | . . . . Critical Strikes 3 | 1 1 . 1 Burn 3 | 1 1 . 1 Melee Attacks . | . . . . Impact . | . . . . Slashing . | . . . . Piercing . | . . . . Sneak Attacks . | . . . . Combat Hostiles . | . . . . Follow-up Attacks . | . . . . Damage Inflicted 1016 | 87 238 . 691 Guns 764 | 87 238 . 439 Cannons 92 | . . . 92 Explosions 160 | . . . 160 Melee . | . . . . Ramming . | . . . . Kinetic 92 | . . . 92 Thermal 764 | 87 238 . 439 Explosive 160 | . . . 160 Electromagnetic . | . . . . Impact . | . . . . Slashing . | . . . . Piercing . | . . . . Highest Corruption 1 | . 1 1 1 Average Corruption 1 | . 1 1 1 Corruption Purged . | . . . . Corruption Blocked . | . . . . Effects 10 | . 1 1 8 Message Errors 2 | . . . 2 Matter Fused 4 | . 1 . 3 Heat Flow Errors 1 | . . . 1 Energy Discharges 1 | . . . 1 Data Loss (major) 1 | . . . 1 Misfires 1 | . . 1 . Overload Shots . | . . . . Overflow Damage 2 | . . . 2 Projectiles . | . . . . Explosions 2 | . . . 2 Melee . | . . . . Knockbacks 1 | . . . 1 Impact . | . . . . Kinetic 1 | . . . 1 Secondary . | . . . . Self-Inflicted Damage 98 | . 54 . 44 Shots 4 | . 2 . 2 Rammed . | . . . . Targets Rammed . | . . . . Kicked . | . . . . Crushed . | . . . . Highest Temperature 579 | 117 174 20 579 Average Temperature 93 | 50 79 11 198 Received Heat Transfer 786 | . 60 . 726 Effects 7 | . . . 7 Shutdowns 1 | . . . 1 Energy Bleed 1 | . . . 1 Damage (major) 4 | . . . 4 Damage (core) 1 | . . . 1 Siege Activations . | . . . . Robots Corrupted . | . . . . Combat Hostiles . | . . . . Parts Fried . | . . . . Impact Corruptions . | . . . . Robots Melted 1 | 1 . . . Combat Hostiles . | . . . . Parts Melted 5 | . 3 . 2 Heat Transferred 1978 | 333 777 . 868 Parts Sabotaged . | . . . . Parts Stolen . | . . . . Parts Stripped . | . . . . Power Chain Reactions 1 | . 1 . . Alert | -11 -10 -10 -10 ------- Run | Yrd Mat Min Sub Peak Influence 296 | 10 296 115 . Initial 115 | . 6 115 . Average 118 | 2 134 115 . Maximum Alert Level 1 | . 1 . . Low Security (%) 81 | 100 67 100 . Level 1 18 | . 32 . . Level 2 . | . . . . Level 3 . | . . . . Level 4 . | . . . . Level 5 . | . . . . High Security . | . . . . Max Security . | . . . . Squads Dispatched . | . . . . Investigation . | . . . . Extermination . | . . . . Reinforcement . | . . . . Assault . | . . . . Garrison . | . . . . Intercept . | . . . . Searches Triggered . | . . . . Construction Impeded . | . . . . Haulers Reinforced . | . . . . Active Scanning Responses . | . . . . Cargo Convoy Interrupts . | . . . . Stealth | -11 -10 -10 -10 --------- Run | Yrd Mat Min Sub Distress Signals 1 | . 1 . . Communications Jammed . | . . . . Distress Signals . | . . . . Times Spotted 24 | . 14 . 10 Peak Tracking Total 4 | . 4 . 2 Tactical Retreats 4 | . 4 . . Traps | -11 -10 -10 -10 ------- Run | Yrd Mat Min Sub Traps Triggered . | . . . . Indirectly . | . . . . Trap Hack Attempts . | . . . . Triggered . | . . . . Disarmed . | . . . . Reprogrammed . | . . . . Reused . | . . . . Traps Extracted . | . . . . Installed . | . . . . Triggered . | . . . . Machines | -11 -10 -10 -10 ---------- Run | Yrd Mat Min Sub Machines Disabled 2 | . 1 . 1 Max in Single Turn 1 | . 1 . 1 Machines Repaired . | . . . . Machines Dismantled . | . . . . Machines Sabotaged . | . . . . Overloaded Fab Kills . | . . . . Hacking | -11 -10 -10 -10 --------- Run | Yrd Mat Min Sub Machines Accessed 2 | . . 1 1 Terminals . | . . . . Fabricators . | . . . . Repair Stations . | . . . . Recycling Units . | . . . . Scanalyzers . | . . . . Garrison Access . | . . . . Total Hacks 4 | . . 1 3 Successful 4 | . . 1 3 Failed . | . . . . Catastrophic . | . . . . Database Lockouts . | . . . . Manual . | . . . . Terminals . | . . . . Fabricators . | . . . . Repair Stations . | . . . . Recycling Units . | . . . . Scanalyzers . | . . . . Garrison Access . | . . . . Terminal Hacks 4 | . . 1 3 Record 2 | . . . 2 Open Door 1 | . . 1 . Derelict Proto ID Bank 1 | . . . 1 Fabricator Hacks . | . . . . Repair Station Hacks . | . . . . Recycling Unit Hacks . | . . . . Scanalyzer . | . . . . Garrison Access Hacks . | . . . . Unauthorized Hacks . | . . . . Terminals . | . . . . Fabricators . | . . . . Repair Stations . | . . . . Recycling Units . | . . . . Scanalyzers . | . . . . Garrison Access . | . . . . Data Cores Recovered . | . . . . Used . | . . . . Hacking Detections . | . . . . Full Trace Events . | . . . . Feedback Events . | . . . . Feedback Blocked . | . . . . Robot Schematics Acquired . | . . . . Robots Built . | . . . . Authchips . | . . . . Time . | . . . . Total Robot Build Rating . | . . . . Part Schematics Acquired . | . . . . Parts Built . | . . . . Authchips . | . . . . Time . | . . . . Total Part Build Rating . | . . . . Parts Repaired . | . . . . Time . | . . . . Parts Recycled . | . . . . Recycled Matter . | . . . . Retrieved Matter . | . . . . Retrieved Components . | . . . . Parts Scanalyzed . | . . . . Part Schematics Acquired . | . . . . Parts Damaged . | . . . . Bothacking | -11 -10 -10 -10 ------------ Run | Yrd Mat Min Sub Used RIF Installer . | . . . . Robots Hacked . | . . . . Non-combat . | . . . . Combat . | . . . . Robot Hacks Applied . | . . . . Relay Couplers Released . | . . . . Fabnet Peak Effective % . | . . . . Robots Rewired . | . . . . Allies Hacked . | . . . . Hacks Repelled . | . . . . Allies | -11 -10 -10 -10 -------- Run | Yrd Mat Min Sub Total Allies . | . . . . Largest Group . | . . . . Highest-Rated Group . | . . . . Highest-Rated Ally . | . . . . Total Orders 4 | . . . 4 EXPLORE 4 | . . . 4 Ally Attacks . | . . . . Total Damage . | . . . . Kills . | . . . . Allies Corrupted . | . . . . Allies Melted . | . . . . Intel | -11 -10 -10 -10 ------- Run | Yrd Mat Min Sub Robot Analysis Total . | . . . . Derelict Logs Recovered 1 | . . . 1 Drone Launches 16 | . . . 16 Drone Recoveries . | . . . . Exploration | -11 -10 -10 -10 ------------- Run | Yrd Mat Min Sub Turns Passed 1941 | 43 385 246 1267 Spaces Moved 1485 | 25 252 133 1075 Core . | . . . . Treads . | . . . . Legs 202 | 25 177 . . Wheels 1283 | . 75 133 1075 Hover . | . . . . Flight . | . . . . Fastest Speed 90 | 120 95 95 90 Average Speed 96 | 120 112 95 92 Slowest Speed 120 | 120 120 95 95 Overloaded Moves . | . . . . Propulsion Burnouts . | . . . . Robots Hopped . | . . . . Cave-ins Triggered . | . . . . Exploration Rate (%) 29 | 2 42 22 52 Regions Visited 3 Branch Regions 2 Pre-discovered Areas 1 | . . . 1 Known Exits Taken . | . . . . Unknown Exits Taken 3 | 1 1 1 . Scrap Searched 3 | . . 1 2 Spaces Dug 1 | . . . 1 Terrain Destroyed 26 | . 7 . 19 Melee . | . . . . Projectile 1 | . . . 1 AOE 25 | . 7 . 18 Terrain Rammed . | . . . . Walls Destroyed . | . . . . Machines Disabled . | . . . . Actions | -11 -10 -10 -10 --------- Run | Yrd Mat Min Sub Total 1848 | 29 321 247 1251 Wait 236 | . 48 100 88 Move 1482 | 24 251 132 1075 Hop . | . . . . Pick Up 19 | . 3 5 11 Fast Attach 4 | . . 2 2 Attach 11 | . . 1 10 Detach 2 | . . 1 1 Swap 9 | 1 1 1 6 Drop 12 | . 2 3 7 Fire 73 | 4 16 2 51 Melee . | . . . . Ram . | . . . . Kick . | . . . . Crush . | . . . . Escape Stasis . | . . . . Rewire . | . . . . Trap . | . . . . Miscellaneous . | . . . . Route ------- -11/Scrapyard -10/Materials (discovered 3 exits: [*Mat x2] / *Min) -10/Mines -10/Subcaves (discovered 1 exit: [*Mat]) History --------- Turn | Location | Event 1 | -11/Scrapyard | Discovered new exit (range 3) 44 | -11/Scrapyard | Entered Materials 83 | -10/Materials | Discovered new exit (range 13) 186 | -10/Materials | Discovered new exit (range 3) 266 | -10/Materials | Discovered new exit (range 15) 302 | -10/Materials | Build established: Mutant 429 | -10/Materials | Entered Mines 465 | -10/Mines | Found the Drone Emporium 472 | -10/Mines | Found Prototype Device 484 | -10/Mines | Identified Decoy Drone Bay 510 | -10/Mines | Found a damaged Exp. Sensor Array with a note attached 514 | -10/Mines | Found Prototype Device 514 | -10/Mines | Identified Exp. Sensor Array 673 | -10/Mines | Discovered new exit (range 3) 675 | -10/Mines | Entered Subcaves 682 | -10/Subcaves | Learned location of Zion (-7) 805 | -10/Subcaves | Lost 4 parts (1n1u2w) 976 | -10/Subcaves | A swath of the cavern ceiling suddenly collapsed 1092 | -10/Subcaves | Core integrity fell below 50% 1175 | -10/Subcaves | Lost 3 allies 1205 | -10/Subcaves | Shifting Twisted Machinery released Shrapnel Trap 1208 | -10/Subcaves | Shifting Twisted Machinery released Mak. Hammer 1225 | -10/Subcaves | Shifting Twisted Machinery released Sub. Power Source 1226 | -10/Subcaves | Shifting Twisted Machinery released Battle Rifle 1257 | -10/Subcaves | Discovered new exit (range 8) 1637 | -10/Subcaves | Visited 4L-MR0's lab 1647 | -10/Subcaves | Found Meta Core 1943 | -10/Subcaves | Core destroyed Last Messages --------------- 01640_ Acquired 10 matter. 01641_ Testing Chamber breached. 01647_ Acquired Meta Core. 01653_ 4L-MR0 mumbles to no one in particular: "Damn Subs sneaking around stealing my stuff." 01756_ Acquired 5 matter. 01761_ Acquired 45 matter. 01815_ PYTFKJK 5CD3DL|6K:TMDXRLK:&7:OZU8J/GP28V 01933_ Critical hit (Meltdown: +300). 01935_ ZX-2XA(R) knocked back. 01939_ Critical hit (Meltdown: +270). 01940_ Power failure, Lgt. Ion Engine shutdown. 01940_ Overheating: Energy bleed (-24). 01942_ Overheating: Battle Cannon damaged (-24). 01942_ Overheating: Sub. Laser damaged (-23). 01942_ Overheating: Sml. Storage Unit damaged (-78). 01942_ Overheating: Lgt. Ion Engine damaged (-20). 01943_ Overheating: Core damaged (-50). Map ----- +----------------------------------------------------+ | ??????????????# # ### # #??????????????? | | ???????????????? #"## ## #?????????????? | | ???????????????????? #"" #? #?????????????? | | ???????????????????????##" ##?? #?????????????? | | ???????????????????????## #??? #?????????????? | | ????????????????????????## #???? #?????????????? | | ??????????????????####??# ##????##?????????????? | | ??????????????????#""#??# #???????????????????? | | ?????????????????##""##### #???????????????????? | | ?????????????????# # ## ##??????????????????? | | ?????????????????# ##?????????????????? | | ?????????????????## #?????????????????? | | ??????????????????### ## ##????????????????? | | ????????????????????####### #????????????????? | | ?????????????????????????## ##????????????????? | | ???????????????????????### ##?????????????????? | | ??????????????????????## ##??????????????????? | | ??????????????????????# ##????#??????????????? | | ?????????????????????## ##???? #??????????????? | | ???????????????????### #???? ???????????????? | | ??????????????????## ## ###? #??????????????? | | ??????????????????# ### " #"" #?????????????? | | ?????????????????## %#?# "% "" #?????????????? | | ?????????????????# "! #?#%R% "" #??????????????? | | ????????????###??# " ### ####" ##??????????????? | | ###?######### ##?# "###@ "#???##???????????????? | | ### #### ""## "##""?????????????????? | | #### ### " R""""?????????????????? | | ##??## # ## " """""?????????????????? | | #????# ## ""#""## """#?????????????????? | | #????# ## % "#####?#"""#?????????????????? | | ##???# ##?###??"""#?????????????????? | | ##?## ##??# ##??""#?????????????????? | | ### ## ##?### ##? ""?????????????????? | | ## ######??# # ""##????????????????????? | | # ## ##?#####?#" "" ##???????????????????? | | # % #####?## # #?#"" ##??????????????????? | | # ######?## # ##?##"# #??????????????????? | | ### ### ### ##### #??????????????????? | | # # & ####" # #"" ""##??????????????????? | | # "" ########"" "####???????????????????? | | # # "# # ####"" """ ###???##???????????????? | | # ###### ## # #""####" #### ##??????????????? | | # = ## ## ## ####??## #??????????????? | | && ##### ###??????# #??????????????? | | & & #???####???????## #??????????????? | | ## ##??????????????# ### #?????????????? | | #######???????????????# #?## #?????????????? | | #?????????????????????## #??## ##?????????????? | | #??????????????????#### #????# #??????????????? | +----------------------------------------------------+ Best States ------------- Heat Dissipation 25 Energy Generation 10 Energy Capacity 250 Matter Stores 300 Matter Capacity 300 Sight Range 21 Robot Scan Range 20 Terrain Scan Density 10 Armor Coverage 100 Evasion (%) 55 Item Schematics ----------------- None Robot Schematics ------------------ None Fabricated ------------ Nothing Alien Tech Used ----------------- None Achievements -------------- None Challenges ------------ None Game ------ Seed AnalysisSupersonicCompanion Manual? 0 Play Time 00:13:36 Cumulative 72.2 hours Start 2024.08.26 @ 19:01:03 End 2024.08.26 @ 19:14:37 Sessions 1 Manual Loads 0 Difficulty Rogue Special Mode None Game No. 118 Rogue 114 Adventurer 4 Explorer 0 Win Type - Total 0 Types 0/0/0/0/0/0/0/0/0 Lore% 32 Gallery% 45 Achievement% 35 Wizard Run 0 Options --------- Layout 2 ASCII 0 Keyboard 0 Movement Mouse Keybinds 0 Fullscreen 2 Font 24/Smallcaps Map View 50x44 Zoom Use 0% Tactical HUD 1 Map Filters NONE Filters NONE Steam 1 RUN: 9d2e6c00-f86f-477c-80b1-f5a3158ada01